 Dungeon Crawl Stone Soup version 0.26.1-11-gd32895ea62 (webtiles) character file.

Game seed: 9135185139977213595

122 jlumianski the Grasshopper (level 5, -2/43 HPs)
             Began as a Gnoll Warper on July 10, 2021.
             Slain by an orc wizard
             ... wielding a +0 dagger
              (3 damage)
             ... on level 3 of the Dungeon.
             The game lasted 00:08:47 (3041 turns).

jlumianski the Grasshopper (Gnoll Warper)           Turns: 3041, Time: 00:08:49

Health: -2/43      AC:  3    Str: 13    XL:     5   Next: 6%
Magic:  4/12       EV: 14    Int: 17    God:
Gold:   101        SH:  0    Dex: 14    Spells: 9/14 levels left

rFire    . . .     SeeInvis .   a - +0 hand axe
rCold    . . .     Faith    .   (no shield)
rNeg     . . .     Spirit   .   b - +0 leather armour
rPois    .         Reflect  .   (no helmet)
rElec    .         Harm     .   (no cloak)
rCorr    .         Rampage  .   (no gloves)
Will     .....                  (no boots)
Stlth    +.........             (no amulet)
HPRegen  0.14/turn              (no ring)
MPRegen  0.13/turn              (no ring)

@: confused, brilliant, lethally poisoned (-2 -> -4), attractive
A: distributed training, fangs 1, strong nose
a: no special abilities


You were on level 3 of the Dungeon.
You visited 1 branch of the dungeon, and saw 3 of its levels.

You collected 101 gold pieces.

Inventory:

Hand Weapons
 a - a +0 hand axe (weapon)
 p - a +0 hunting sling
Missiles
 e - 5 boomerangs of dispersal
 f - 17 arrows
 h - 109 stones
 n - 17 poisoned darts (quivered)
 r - 4 boomerangs
Armour
 b - a +0 leather armour (worn)
Scrolls
 c - a scroll of enchant weapon {unknown}
 d - 2 scrolls of blinking
 g - 4 scrolls of identify {unknown}
 j - a scroll of enchant armour {unknown}
 k - 3 scrolls of remove curse {unknown}
 m - a scroll of teleportation {unknown}
 o - a scroll of magic mapping {unknown}
 q - a scroll of amnesia {unknown}
Potions
 i - a potion of brilliance
 s - a potion of curing {unknown}
 t - a potion of lignification {unknown}


   Skills:
 + Level 4.7 Fighting
 + Level 1.3 Short Blades
 + Level 1.3 Long Blades
 + Level 4.7 Axes
 + Level 1.3 Maces & Flails
 + Level 1.3 Polearms
 + Level 1.3 Staves
 + Level 1.3 Slings
 + Level 1.3 Bows
 + Level 1.3 Crossbows
 + Level 2.9 Throwing
 + Level 2.9 Armour
 + Level 4.7 Dodging
 + Level 1.3 Stealth
 + Level 1.3 Shields
 + Level 1.3 Unarmed Combat
 + Level 5.1 Spellcasting
 + Level 1.1 Conjurations
 + Level 1.1 Hexes
 + Level 1.1 Summonings
 + Level 1.1 Necromancy
 + Level 5.5 Translocations
 + Level 1.1 Transmutations
 + Level 1.1 Fire Magic
 + Level 1.1 Ice Magic
 + Level 1.1 Air Magic
 + Level 1.1 Earth Magic
 + Level 1.1 Poison Magic
 + Level 1.5 Invocations
 + Level 1.3 Evocations


You had 9 spell levels left.
You knew the following spells:

 Your Spells              Type           Power        Failure   Level
a - Blink                 Tloc           N/A          2%          2
b - Gell's Gravitas       Tloc           17%          5%          3

Your spell library contained the following spells:

 Spells                   Type           Power        Failure   Level
 Lesser Beckoning         Tloc           17%          5%          3
 Teleport Other           Tloc           34%          5%          3
 Passage of Golubria      Tloc           N/A          19%         4


Dungeon Overview and Level Annotations

Branches:
Dungeon (3/15)

Altars:


Innate Abilities, Weirdness & Mutations

Your experience applies equally to all skills.
You have very sharp teeth.
Your uncanny sense of smell can sniff out nearby items.


Message History

The orc wizard hits you with a +0 dagger.
* * * LOW HITPOINT WARNING * * *
The orc closely misses you. The rat barely misses you.
The orc hits you with a +0 dagger.
* * * LOW HITPOINT WARNING * * *
The orc wizard barely misses you.
It was a potion of brilliance.
You feel clever all of a sudden. The rat barely misses you.
The orc hits you with a +0 dagger.
* * * LOW HITPOINT WARNING * * *
The orc wizard hits you with a +0 dagger.
* * * LOW HITPOINT WARNING * * *
It was a potion of attraction.
You feel attractive to monsters.
* * * LOW HITPOINT WARNING * * *
You feel sick. The rat bites you.
* * * LOW HITPOINT WARNING * * *
The orc priest misses you.
The orc wizard hits you with a +0 dagger.
You die...

....<.## ........$....
.......## #.#..........
........# #.#..........
........# #............
[.......#######...........
.........>...###...g..)..#
........####............##
.......## ###.ooo.#......
#.....## #..@r........
####### #....##......
#....# .....> #....# .....
###### ..... .... ....


You could see an orc priest, an orc wizard, an orc, a hobgoblin and a rat.

Vanquished Creatures
  3 gnolls (D:3)
  4 adders
  A worm (D:2)
  3 dart slugs
  A leopard gecko (D:2)
  A giant cockroach (D:1)
  8 goblins
  7 hobgoblins
  2 quokkas (D:2)
  A ball python (D:2)
  5 bats
  4 frilled lizards
  5 kobolds
  7 rats
52 creatures vanquished.

Notes
Turn   | Place    | Note
-------+----------+-------------------------------------------
     0 | D:1      | jlumianski the Gnoll Warper began the quest for the Orb.
     0 | D:1      | Reached XP level 1. HP: 20/20 MP: 6/6
   210 | D:1      | Reached XP level 2. HP: 25/26 MP: 7/7
   993 | D:2      | Reached skill level 5 in Spellcasting
   993 | D:2      | Reached XP level 3. HP: 10/31 MP: 7/9
   999 | D:2      | Learned a level 2 spell: Blink
  1003 | D:2      | Learned a level 3 spell: Gell's Gravitas
  1151 | D:2      | Reached skill level 1 in Invocations
  1578 | D:2      | Reached skill level 1 in Short Blades
  1578 | D:2      | Reached skill level 1 in Long Blades
  1578 | D:2      | Reached skill level 1 in Maces & Flails
  1578 | D:2      | Reached skill level 1 in Polearms
  1578 | D:2      | Reached skill level 1 in Staves
  1578 | D:2      | Reached skill level 1 in Slings
  1578 | D:2      | Reached skill level 1 in Bows
  1578 | D:2      | Reached skill level 1 in Crossbows
  1578 | D:2      | Reached skill level 1 in Stealth
  1578 | D:2      | Reached skill level 1 in Shields
  1578 | D:2      | Reached skill level 1 in Unarmed Combat
  1578 | D:2      | Reached skill level 1 in Evocations
  1841 | D:2      | Reached XP level 4. HP: 16/38 MP: 11/11
  2822 | D:3      | Reached skill level 1 in Conjurations
  2822 | D:3      | Reached skill level 1 in Hexes
  2822 | D:3      | Reached skill level 1 in Summonings
  2822 | D:3      | Reached skill level 1 in Necromancy
  2822 | D:3      | Reached skill level 1 in Transmutations
  2822 | D:3      | Reached skill level 1 in Fire Magic
  2822 | D:3      | Reached skill level 1 in Ice Magic
  2822 | D:3      | Reached skill level 1 in Air Magic
  2822 | D:3      | Reached skill level 1 in Earth Magic
  2822 | D:3      | Reached skill level 1 in Poison Magic
  3031 | D:3      | Reached XP level 5. HP: 27/43 MP: 3/12
  3041 | D:3      | HP: 1/43 [rat (2)]
  3041 | D:3      | Slain by an orc wizard

Illustrated notes

Levels and vault maps discovered:
D:1:      lemuel_arrival_hallway, layout_loops_ring
D:2:      layout_loops_corners
D:3:      layout_rooms

Skill      XL: |  1  2  3  4 |
---------------+-------------+-----
Spellcasting   | 5 |  5.1
Invocations    | 1 |  1.5
Short Blades   | 1 |  1.3
Long Blades    | 1 |  1.3
Maces & Flails | 1 |  1.3
Polearms       | 1 |  1.3
Staves         | 1 |  1.3
Slings         | 1 |  1.3
Bows           | 1 |  1.3
Crossbows      | 1 |  1.3
Stealth        | 1 |  1.3
Shields        | 1 |  1.3
Unarmed Combat | 1 |  1.3
Evocations     | 1 |  1.3
Conjurations   | 1 |  1.1
Hexes          | 1 |  1.1
Summonings     | 1 |  1.1
Necromancy     | 1 |  1.1
Transmutations | 1 |  1.1
Fire Magic     | 1 |  1.1
Ice Magic      | 1 |  1.1
Air Magic      | 1 |  1.1
Earth Magic    | 1 |  1.1
Poison Magic   | 1 |  1.1
Fighting       | |  4.7
Axes           | |  4.7
Throwing       | |  2.9
Armour         | |  2.9
Dodging        | |  4.7
Translocations | |  5.5

Action                   |  1- 3 |  4- 6 || total
-------------------------+-------+-------++-------
Melee: Hand axe          |   116 |    51 ||   167
       Bite              |    12 |     5 ||    17
       Punch             |     1 |       ||     1
Throw: Stone             |     4 |       ||     4
       Dart              |     1 |     5 ||     6
 Cast: Blink             |     2 |     1 ||     3
       Gell's Gravitas   |       |     5 ||     5
  Use: Potion            |       |     2 ||     2
 Stab: Sleeping          |     1 |       ||     1
Armor: Leather armour    |    25 |     2 ||    27
Dodge: Dodged            |    98 |    36 ||   134
